 Dungeon Crawl Stone Soup version 0.18.1-8-gdd0e5ea (webtiles) character file.

256 georgeearnest the Slinger (level 6, -3/39 HPs)
             Began as a Halfling Hunter on May 21, 2016.
             Slain by a wraith (9 damage)
             ... in an ossuary.
             The game lasted 00:09:31 (3272 turns).

georgeearnest the Slinger (Halfling Hunter)         Turns: 3272, Time: 00:09:32

Health: -3/39      AC:  4    Str: 12    XL:     6   Next: 38%
Magic:  6/6        EV: 15    Int: 10    God:
Gold:   118        SH:  0    Dex: 17    Spells: 0 memorised, 5 levels left

rFire  + . .     SeeInvis +     m - +2 short sword (drain)
rCold  + . .     Gourm    .     c - +0 leather armour
rNeg   . . .     Faith    .     (shield restricted)
rPois  +         Spirit   .     (no helmet)
rElec  +         Dismiss  .     j - +0 cloak
rCorr  +         Reflect  .     (no gloves)
SustAt .         Harm     .     (no boots)
MR     .....                    (no amulet)
Stlth  ++........               (no ring)
                                q - ring of see invisible

@: resistant, slowed, drained, very slow, not resistant to hostile enchantments,
unstealthy
A: mutation resistance 1
a: no special abilities


You were in an ossuary.
You were not hungry.

You visited 1 branch of the dungeon, and saw 4 of its levels.
You also visited: Ossuary.

You collected 118 gold pieces.

Inventory:

Hand Weapons
 a - a +1 hunting sling
 b - a +0 short sword
 h - a +4 quarterstaff of chaos
 m - a +2 short sword of draining (weapon)
Missiles
 d - 37 sling bullets
 g - 114 stones (quivered)
Armour
 c - a +0 leather armour (worn)
 j - a +0 cloak (worn)
Jewellery
 n - the ring of Shaolin {EV+8}
   (You found it on level 4 of the Dungeon)

   [ring of evasion]

   It affects your evasion (+8).
 q - a ring of see invisible (left hand)
 u - an uncursed ring of sustain attributes {unknown}
Wands
 w - a wand of confusion (29/48)
 B - a wand of iceblast (9/15)
Scrolls
 e - 4 scrolls of remove curse {unknown}
 f - a scroll of noise {unknown}
 i - 5 scrolls of identify {unknown}
 k - a scroll of recharging {unknown}
 r - 2 scrolls of teleportation {unknown}
 v - 2 scrolls of amnesia {unknown}
 y - a scroll of enchant armour {unknown}
 z - a scroll of summoning {unknown}
 A - a scroll of enchant weapon {unknown}
 C - a scroll of fear {unknown}
Potions
 l - a potion of flight {unknown}
 p - a potion of resistance
 x - a potion of heal wounds {unknown}
 D - a potion of berserk rage {unknown}
Comestibles
 o - 2 beef jerkies
 s - a meat ration


   Skills:
 + Level 2.1(2.0) Fighting
 + Level 8.7(8.8) Slings
 + Level 2.0(4.5) Throwing
 + Level 1.8(1.7) Armour
 + Level 2.9(2.8) Dodging
 + Level 1.8(1.7) Stealth


You had 5 spell levels left.
You didn't know any spells.

Dungeon Overview and Level Annotations

Branches:
Dungeon (4/15)
 Temple: D:4-7

Altars:
Kikubaaqudgha
Okawaru
Trog


Innate Abilities, Weirdness & Mutations

You are small and have problems with some larger weapons.
You are somewhat resistant to further mutation.


Message History

The wraith hits you!
You hit the wraith.
The wraith is moderately damaged.
The wraith closely misses you.
You hit the wraith but do no damage.
The wraith is moderately damaged.
The wraith hits you!
You hit the wraith but do no damage.
The wraith is moderately damaged.
The wraith hits you. The wraith drains your vigour!
You feel yourself slow down. The wraith hits you but does no damage.
The wraith closely misses you.
There is an open door here.
You hit the wraith.
The wraith is moderately damaged.
The wraith hits you!
* * * LOW HITPOINT WARNING * * *
The wraith hits you!
You die...

########### ..........#
.###..##+.# .# #..# #.#
.###..###.# ### ###############
..........# #W# #.....##.#.#.#.
......###.###▓#####.8.8.##'#'#'#'
......#z#.'....W@.......'........
......###.###▓#####.8.8.##'#'#'#'
..........# #z# #.....##.#.#.#.
.###..###.# ### ###############
.#z#..# #.# .###..# +.# .......
..# ###########


You could see a wraith.

Vanquished Creatures
  A scorpion (D:4)
  A hound (D:4)
  Crazy Yiuf (D:2)
  Ijyb (D:3)
  Terence (D:2)
  A worker ant (D:4)
  An adder skeleton (D:4)
  2 adder zombies (Ossuary)
  3 worms
  A dart slug (D:1)
  A giant gecko (D:2)
  An orc (D:3)
  7 bats
  3 giant cockroaches
  A goblin (D:1)
  2 hobgoblins
  4 jackals (D:1)
  7 kobolds
  A quokka (D:2)
  2 ball python skeletons (Ossuary)
  A giant newt (D:1)
  A hobgoblin skeleton (Ossuary)
  2 hobgoblin zombies (Ossuary)
  A jackal skeleton (D:4)
  A kobold zombie (Ossuary)
  An orc zombie (Ossuary)
  8 rats
57 creatures vanquished.

Notes
Turn   | Place    | Note
--------------------------------------------------------------
     0 | D:1      | georgeearnest the Halfling Hunter began the quest for the Orb.
     0 | D:1      | Reached XP level 1. HP: 14/14 MP: 1/1
    43 | D:1      | Reached skill level 6 in Slings
    88 | D:1      | Reached XP level 2. HP: 19/19 MP: 2/2
   487 | D:1      | Reached XP level 3. HP: 24/24 MP: 3/3
   821 | D:2      | Reached skill level 7 in Slings
   889 | D:2      | Noticed Terence
   905 | D:2      | Killed Terence
   905 | D:2      | Reached XP level 4. HP: 10/29 MP: 4/4
  1130 | D:2      | Found an ancient bone altar of Kikubaaqudgha.
  1511 | D:2      | Noticed Crazy Yiuf
  1530 | D:2      | Killed Crazy Yiuf
  1530 | D:2      | Reached skill level 1 in Throwing
  2080 | D:3      | Found a bloodstained altar of Trog.
  2120 | D:3      | Reached XP level 5. HP: 33/34 MP: 5/5
  2212 | D:3      | Noticed Ijyb
  2222 | D:3      | Killed Ijyb
  2436 | D:3      | Reached skill level 1 in Armour
  2486 | D:3      | Found an iron altar of Okawaru.
  2690 | D:4      | Reached skill level 8 in Slings
  2690 | D:4      | Reached XP level 6. HP: 15/39 MP: 6/6
  2994 | D:4      | Found a sand-covered staircase.
  3005 | Ossuary  | Entered an ossuary
  3191 | Ossuary  | Noticed a wraith
  3191 | Ossuary  | Noticed a flying skull
  3199 | Ossuary  | Noticed a flying skull
  3201 | Ossuary  | Noticed a flying skull
  3203 | Ossuary  | Noticed a flying skull
  3241 | Ossuary  | Noticed a wraith
  3272 | Ossuary  | Slain by a wraith

Skill      XL: |  1  2  3  4  5 |
---------------+----------------+-----
Slings         | 6 7 8 |  8.7
Fighting       | 2 |  2.1
Throwing       | 1 2 |  2.0
Armour         | 1 |  1.8
Dodging        | |  2.9
Stealth        | |  1.8

Action                   |  1- 3 |  4- 6 || total
-------------------------+-------+-------++-------
Melee: Short sword       |       |    75 ||    75
 Fire: Hunting sling     |    54 |    66 ||   120
Throw: Stone             |       |    53 ||    53
  Use: Potion            |       |     6 ||     6
 Stab: Sleeping          |       |     3 ||     3
  Eat: Bread ration      |       |     2 ||     2
Armor: Leather armour    |     6 |    30 ||    36
       Skin              |       |     5 ||     5
Dodge: Dodged            |    10 |    90 ||   100
